 Dungeon Sprint DCSS version 0.15-a0-1224-g3833f9c (webtiles) character file.

2 Infinimo the Ruinous (level 1, -1/13 HPs)
             Began as a Mummy Conjurer on June 1, 2014.
             Was an Initiate of Vehumet.
             Slain by a brain worm (2 damage)
             ... in the Dungeon (Sprint VII: "The Pits").
             The game lasted 00:00:56 (587 turns).

Infinimo the Ruinous (Mummy Conjurer)                Turns: 587, Time: 00:00:56

HP  -1/13        AC  2     Str 11      XL: 1   Next: 25%
MP   1/3         EV 12     Int 11 (14) God: Vehumet [......]
Gold 0           SH  0     Dex 12      Spells:  1 memorised,  3 levels left

rFire  x . .     SeeInvis .     b - +2 dagger (venom)
rCold  + . .     Clarity  .     a - +0 robe
rNeg   + + +     rCorr    .     (no shield)
rPois  +         rRot     +     (no helmet)
rElec  .         Spirit   .     (no cloak)
SustAb .         Warding  .     (no gloves)
rMut   .         NoTele   +     (no boots)
Gourm  .                        (no amulet)
MR     .....                    (no ring)
                                (no ring)

@: not resistant to hostile enchantments, unstealthy
A: no food or potions, fire vulnerability, restore body, cold resistance 1, life
protection 3, poison resistance, torment resistance, unbreathing
a: Renounce Religion


You were in the Dungeon.
You worshipped Vehumet.
Vehumet was noncommittal.
You were not hungry.

You visited 1 branch

Inventory:

Hand weapons
 b - a +2,+2 dagger of venom (weapon)
Armour
 a - a +0 robe (worn)
Scrolls
 d - 2 scrolls of vulnerability
 e - 3 scrolls of remove curse
 f - 5 scrolls of amnesia
 g - a scroll of summoning
Books
 c - a book of Conjurations

   Spells                             Type                      Level
   *Magic Dart                        Conjuration                  1
   Searing Ray                        Conjuration                  2
   Dazzling Spray                     Conjuration/Hexes            3
   Fulminant Prism                    Conjuration/Hexes            4
   Iskenderun's Mystic Blast          Conjuration                  4
   Iskenderun's Battlesphere          Conjuration/Charms           5


   Skills:
 - Level 1.5 Dodging
 - Level 1.5 Stealth
 - Level 2.0 Spellcasting
 + Level 3.9 Conjurations


You had 3 spell levels left.
You knew the following spells:

 Your Spells              Type           Power        Failure   Level  Hunger
a - Magic Dart            Conj           #...         10%         1    N/A

Dungeon Overview and Level Annotations

Branches:
Dungeon (1/1)

Altars:
Ashenzari
Cheibriados
Dithmenos
Elyvilon
Fedhas
Gozag
Kikubaaqudgha
Makhleb
Nemelex Xobeh
Okawaru
Qazlal
Sif Muna
Trog
Vehumet
Xom
Yredelemnul
Zin
The Shining One
Beogh
Jiyva
Lugonu

Annotations:
D 1 exclusion


Innate Abilities, Weirdness & Mutations

You do not eat or drink.
Your flesh is vulnerable to fire.
Your flesh is cold resistant.
You are immune to negative energy.
Your system is resistant to poisons.
You are immune to unholy pain and torment.
You can survive without breathing.


Message History

There is a bloodstained altar of Trog here.
Casting: Magic Dart
Confirm with . or Enter, or press ? or * to list all spells.
Aiming: Magic Dart
Press: ? - help, Shift-Dir - straight line, f - brain worm
Aim: a brain worm (moderately wounded, poisoned)
The magic dart hits the brain worm.
The brain worm is moderately wounded.
The brain worm's bulging head throbs.
You feel dopey. Something feeds on your intellect!
Casting: Magic Dart
Confirm with . or Enter, or press ? or * to list all spells.
Aiming: Magic Dart
Press: ? - help, Shift-Dir - straight line, f/p - brain worm
Aim: a brain worm (heavily wounded, poisoned)
The magic dart hits the brain worm.
The brain worm is heavily wounded.
The brain worm bites you.
You die...

############
#__________#
#____@w.___#
#.#####'##############
#_#.))'.'%!##.........
#_#)))#.#.(##......#..
#######'#####.........
#...........'.........
#+#####'#####......#..
#.# #......... #.#
####'#####


You could see a brain worm.

Vanquished Creatures
  A giant gecko (D)
1 creature vanquished.

Notes
Turn   | Place    | Note
--------------------------------------------------------------
     0 | D        | Infinimo, the Mummy Conjurer, began the quest for the Orb.
     0 | D        | Reached XP level 1. HP: 13/13 MP: 3/3
    10 | D        | Noticed a hippogriff
    10 | D        | Noticed a wyvern
   253 | D        | Found a shadowy altar of Dithmenos.
   253 | D        | Found a bloodstained altar of Trog.
   253 | D        | Found a deep blue altar of Sif Muna.
   253 | D        | Found a shimmering altar of Xom.
   253 | D        | Found a sparkling altar of Nemelex Xobeh.
   253 | D        | Found a corrupted altar of Lugonu.
   253 | D        | Found a viscous altar of Jiyva.
   254 | D        | Found a basalt altar of Yredelemnul.
   254 | D        | Found a glowing golden altar of the Shining One.
   254 | D        | Found a shattered altar of Ashenzari.
   254 | D        | Found a white marble altar of Elyvilon.
   254 | D        | Found a snail-covered altar of Cheibriados.
   254 | D        | Found a blossoming altar of Fedhas.
   254 | D        | Found a radiant altar of Vehumet.
   254 | D        | Found a burning altar of Makhleb.
   254 | D        | Found an ancient bone altar of Kikubaaqudgha.
   254 | D        | Found a glowing silver altar of Zin.
   254 | D        | Found a roughly hewn altar of Beogh.
   254 | D        | Found an iron altar of Okawaru.
   259 | D        | Found a stormy altar of Qazlal.
   260 | D        | Found an opulent altar of Gozag.
   263 | D        | Became a worshipper of Vehumet
   274 | D        | Noticed a brain worm
   587 | D        | Slain by a brain worm

Action                   || total
-------------------------++-------
Melee: Unarmed           ||     8
       Dagger            ||     5
 Cast: Magic Dart        ||     7
  Use: Scroll            ||     1
